cohdb
Replays
Latest Replays
All Replays
Popular Replays
Top Player Replays
Match Explorer
How It Works
Community
CoH3 Stats
Reddit
Sign in to upload your games and track your stats! →
Sign in with Steam
Match 43666088
Unlisted
Match 43666088
Overview
Messages
Build Orders
End
Pioneer Squad
Construct Infanterie Kompanie
Grenadier Squad
Grenadier Squad
MG 42 Machine Gun Team
Construct Panzergrenadier Kompanie
Panzergrenadier Squad
Medical Bunker
GrW 34 Mortar Team
Support Elements
Pak 40 Anti-tank Gun Team
Nebelwerfer 42 Rocket Launcher Team
Goodvyn
六文钱
0
0
Comments
sign in to comment!
No comments posted yet!